 Dungeon Crawl Stone Soup version 0.21-a0-369-g397cdb2 (webtiles) character file.

10836 Humpert the Thaumaturge (level 11, -22/91 (92) HPs)
             Began as a Green Draconian Conjurer on Oct 15, 2017.
             Was a Priest of Vehumet.
             Annihilated by a two-headed ogre
             ... wielding a +0 giant club
              (26 damage)
             ... on level 11 of the Dungeon.
             The game lasted 00:50:38 (18398 turns).

Humpert the Thaumaturge (Green Draconian Conjurer) Turns: 18398, Time: 00:50:38

HP:   -22/91 (92)   AC: 13    Str: 11    XL:     11   Next: 41%
MP:   21/35         EV: 15    Int: 18    God:    Vehumet [***...]
Gold: 328           SH:  0    Dex: 12    Spells: 17/32 levels left

rFire    . . .     SeeInvis .   D - +5 dagger (venom)
rCold    + . .     Gourm    .   (no shield)
rNeg     . . .     Faith    .   (armour unavailable)
rPois    +         Spirit   .   m - +2 hat
rElec    .         Reflect  .   (no cloak)
rCorr    .         Harm     .   y - +2 pair of gloves
MR       .....                  B - +0 pair of boots
Stlth    ++........             (no amulet)
HPRegen  0.25/turn              l - ring of magical power
MPRegen  0.24/turn              r - ring of protection from cold

@: very slightly contaminated
A: breathe noxious fumes, unfitting armour, poison resistance, cold-blooded, AC
+7
a: Breathe Noxious Fumes, Renounce Religion


You were on level 11 of the Dungeon.
You worshipped Vehumet.
Vehumet was most pleased with you.
You were not hungry.

You visited 2 branches of the dungeon, and saw 13 of its levels.

You collected 541 gold pieces.
You spent 213 gold pieces at shops.

Inventory:

Hand Weapons
 d - a +2 short sword of protection
 e - a +0 dagger
 p - the +5 rapier of Objectivity {venom, rN+ MR+, unknown}
   (You found it on level 8 of the Dungeon)

   It poisons the flesh of those it strikes.
   It protects you from negative energy.
   It affects your resistance to hostile enchantments.
 D - a +5 dagger of venom (weapon)
Armour
 m - a +2 hat (worn)
 y - a +2 pair of gloves (worn)
 B - a +0 pair of boots (worn)
 J - a +0 pair of boots
 O - a +0 pair of gloves
Magical Staves
 L - an uncursed staff of air
 X - an uncursed staff of cold {unknown}
Jewellery
 l - a ring of magical power (left hand)
 o - an uncursed ring of fire
 r - a ring of protection from cold (right hand)
 s - an uncursed ring of protection from cold
 x - an uncursed ring of resist corrosion
 z - an uncursed ring of protection from fire {unknown}
 A - an uncursed ring of ice
 C - a +2 ring of evasion {unknown}
 N - an uncursed ring of wizardry {unknown}
 R - a cursed ring of teleportation {unknown}
 S - an uncursed amulet of rage {unknown}
 T - an uncursed amulet of faith {unknown}
Wands
 q - a wand of acid (9/15)
 F - a wand of iceblast (9/15)
 H - a wand of confusion (48/48)
 Q - a wand of lightning (6/15)
Scrolls
 c - 2 scrolls of recharging
 f - 4 scrolls of teleportation
 i - 3 scrolls of fear
 j - 2 scrolls of amnesia
 k - 6 scrolls of remove curse
 n - 2 scrolls of blinking
 E - a scroll of magic mapping {unknown}
Potions
 g - 2 potions of magic {unknown}
 h - 4 potions of curing
 t - 3 potions of brilliance {unknown}
 u - a potion of lignification {unknown}
 v - 2 potions of resistance
 w - a potion of haste {unknown}
 G - 3 potions of berserk rage {unknown}
 I - 2 potions of agility {unknown}
 P - 3 potions of flight {unknown}
 W - a potion of might
 Y - a potion of cancellation {unknown}
Books
 a - a book of Conjurations

   Spells                             Type                      Level
   a - Magic Dart                     Conjuration                  1
   b - Searing Ray                    Conjuration                  2
   c - Dazzling Spray                 Conjuration/Hexes            3
   d - Fulminant Prism                Conjuration/Hexes            4
   e - Force Lance                    Conjuration/Translocation    4
   f - Iskenderun's Mystic Blast      Conjuration                  4
 K - a book of Maledictions

   Spells                             Type                      Level
   a - Corona                         Hexes                        1
   b - Ensorcelled Hibernation        Hexes/Ice                    2
   c - Confuse                        Hexes                        3
   d - Tukima's Dance                 Hexes                        3
   e - Dazzling Spray                 Conjuration/Hexes            3
Comestibles
 b - 10 bread rations
 M - a meat ration
 U - a royal jelly


   Skills:
 * Level 7.4 Fighting
 + Level 6.0 Dodging
 - Level 1.8 Stealth
 - Level 0.2 Unarmed Combat
 * Level 11.2 Spellcasting
 + Level 9.4 Conjurations
 * Level 4.7 Evocations


You had 17 spell levels left.
You knew the following spells:

 Your Spells              Type           Power        Failure   Level  Hunger
a - Magic Dart            Conj           ####         1%          1    None
b - Searing Ray           Conj           #####.       1%          2    None
c - Iskenderun's Mystic   Conj           #####...     1%          4    ##.....
d - Force Lance           Conj/Tloc      ####....     2%          4    ##.....
e - Fulminant Prism       Conj/Hex       ####......   2%          4    ##.....


Dungeon Overview and Level Annotations

Branches:
Dungeon (12/15)            Temple (1/1) D:6            Lair (0/6) D:11
    Orc (0/2) D:11

Altars:
Ashenzari
Cheibriados
Dithmenos
Elyvilon
Fedhas
Gozag
Hepliaklqana
Kikubaaqudgha
Makhleb
Nemelex Xobeh
Okawaru
Qazlal
Ru
Sif Muna
Trog
Uskayaw
Vehumet
Wu Jian
Xom
Yredelemnul
Zin
The Shining One

Shops:
D:5 }   D:6 (

Annotations:
D:2 Sigmund
D:10 2 transporters


Innate Abilities, Weirdness & Mutations

You can breathe blasts of noxious fumes.
Your lurid green scales are hard. (AC +7)
You cannot fit into any form of body armour.
Your system is resistant to poisons. (rPois)
You are cold-blooded and may be slowed by cold attacks.


Message History

Aiming: Magic Dart
Press: ? - help, Shift-Dir - straight line, f/p - two-headed ogre
Aim: a two-headed ogre, wielding a giant club and a giant spiked club (heavily wounded)
The magic dart hits the two-headed ogre.
The two-headed ogre is severely wounded.
Casting: Magic Dart
Confirm with . or Enter, or press ? or * to list all spells.
Aiming: Searing Ray
Press: ? - help, Shift-Dir - straight line, f/p - two-headed ogre
Aim: a two-headed ogre, wielding a giant club and a giant spiked club (severely wounded)
The searing ray hits the two-headed ogre.
The two-headed ogre is severely wounded. (Press . to maintain the ray.)
The searing ray misses the two-headed ogre.
The searing ray hits the two-headed ogre.
The two-headed ogre is almost dead.
The two-headed ogre hits you with a giant club!!
* * * LOW HITPOINT WARNING * * *
The two-headed ogre hits you with a giant spiked club!!
You die...

#.....####'#.
#..[.......#>
#..........รท)
#.....)....#.
###########'###..#...#.
#........#.....########
#........#.....#
#........#.....#
######@###.....#
#.....O........#
#..............########
#..........#####......#
#.........># #.......#
#.........## #.......#
#......>..# #.......#
#......)..# #.......#
#.........# #.......#


You could see a two-headed ogre.

Vanquished Creatures
  2 two-headed ogres (D:11)
  Pikel (D:7)
  A cyclops (D:11)
  Joseph (D:8)
  A kobold demonologist (D:11)
  4 trolls
  2 hippogriffs (D:11)
  A spriggan (D:7)
  9 yaks
  Eustachio (D:5)
  A wraith (D:9)
  A hungry ghost (D:11)
  2 hell hounds (D:11)
  3 water moccasins
  A necrophage (D:10)
  3 sky beasts
  A black bear (D:10)
  2 orc warriors
  An ice beast (D:5)
  5 ogres
  2 phantoms
  4 centaurs
  A big kobold (D:10)
  3 bullfrogs
  3 scorpions
  8 killer bees
  6 wights
  4 jellies
  9 howler monkeys
  5 crimson imps
  A hound (D:8)
  2 bullfrog zombies
  A quasit (D:9)
  A centaur zombie (D:5)
  4 orc priests
  A bullfrog skeleton (D:6)
  Terence (D:2)
  5 iguanas
  9 orc wizards
  10 worker ants
  A hound skeleton (D:10)
  A worker ant zombie (D:7)
  9 adders
  3 gnolls (D:2)
  2 shadow imps (D:8)
  An adder skeleton (D:8)
  4 worms
  2 dart slugs (D:1)
  9 leopard geckos
  35 orcs
  2 ball pythons
  7 giant cockroaches
  8 goblins
  6 hobgoblins
  22 jackals
  5 quokkas
  11 bats
  5 frilled lizards
  A giant cockroach zombie (D:5)
  A jackal skeleton (D:5)
  15 kobolds
  A leopard gecko skeleton (D:7)
  10 rats
  A butterfly (D:11)
285 creatures vanquished.

Vanquished Creatures (others)
  A fulminant prism (D:8)
1 creature vanquished.

Grand Total: 286 creatures vanquished

Notes
Turn   | Place    | Note
-------+----------+-------------------------------------------
     0 | D:1      | Humpert the Draconian Conjurer began the quest for the Orb.
     0 | D:1      | Reached XP level 1. HP: 14/14 MP: 3/3
   243 | D:1      | Reached XP level 2. HP: 18/20 MP: 1/5
   801 | D:1      | Reached XP level 3. HP: 23/27 MP: 1/6
  1395 | D:2      | Noticed Terence
  1430 | D:2      | Killed Terence
  1430 | D:2      | Reached skill level 1 in Fighting
  1570 | D:2      | Noticed Sigmund
  1607 | D:2      | Reached XP level 4. HP: 35/35 MP: 8/8
  1902 | D:2      | Learned a level 2 spell: Searing Ray
  2475 | D:2      | Reached skill level 3 in Spellcasting
  2637 | D:2      | Reached XP level 5. HP: 34/41 MP: 4/9
  3736 | D:3      | Found an ornate altar of the Wu Jian Council.
  4170 | D:3      | Found a hazy altar of Hepliaklqana.
  4224 | D:4      | Noticed an ogre
  4234 | D:4      | Killed an ogre
  4234 | D:4      | Reached skill level 5 in Conjurations
  4234 | D:4      | Reached XP level 6. HP: 20/50 MP: 2/11
  4637 | D:4      | Found a hide-covered altar of Uskayaw.
  4917 | D:4      | Reached skill level 4 in Spellcasting
  5163 | D:4      | Found a sparkling altar of Nemelex Xobeh.
  5551 | D:4      | Found an ancient bone altar of Kikubaaqudgha.
  5723 | D:5      | Entered Level 5 of the Dungeon
  5822 | D:5      | Your scales start taking on a lurid green colour.
  5822 | D:5      | Reached XP level 7. HP: 57/57 MP: 5/13
  5822 | D:5      | Gained mutation: Your system is resistant to poisons. (rPois) [Green Draconian growth]
  6219 | D:4      | Reached skill level 5 in Spellcasting
  6562 | D:5      | Noticed Eustachio
  6709 | D:5      | Found Cuvev's Gadget Emporium.
  6998 | D:5      | Killed Eustachio
  6998 | D:5      | Reached XP level 8. HP: 66/66 MP: 0/16
  7010 | D:5      | Reached skill level 6 in Spellcasting
  7309 | D:5      | Found a glowing silver altar of Zin.
  8468 | D:6      | Reached skill level 7 in Spellcasting
  8569 | D:6      | Found Otuafum's Weapon Boutique.
  8603 | D:6      | Bought a +3 dagger of venom for 213 gold pieces
  8979 | D:6      | Found a blossoming altar of Fedhas.
  9120 | D:6      | Reached XP level 9. HP: 69/73 MP: 11/20
  9189 | D:6      | Found a staircase to the Ecumenical Temple.
  9197 | D:6      | Reached skill level 5 in Fighting
  9245 | Temple   | Entered the Ecumenical Temple
  9361 | Temple   | Became a worshipper of Vehumet
  9431 | D:6      | Found an iron altar of Okawaru.
  9522 | D:6      | Found a bloodstained altar of Trog.
  9711 | D:7      | Noticed Pikel
  9816 | D:7      | Learned a level 4 spell: Iskenderun's Mystic Blast
  9821 | D:7      | Learned a level 4 spell: Force Lance
  9826 | D:7      | Learned a level 4 spell: Fulminant Prism
  9925 | D:7      | Found a shattered altar of Ashenzari.
 10494 | D:7      | Killed Pikel
 10494 | D:7      | Reached skill level 8 in Spellcasting
 10494 | D:7      | Reached skill level 1 in Evocations
 10894 | D:8      | Found a shimmering altar of Xom.
 11060 | D:8      | Found a shadowy altar of Dithmenos.
 11485 | D:8      | Got a fine rapier
 11798 | D:8      | Reached * piety under Vehumet
 11798 | D:8      | Offered knowledge of Flame Tongue by Vehumet.
 11798 | D:8      | Reached skill level 9 in Spellcasting
 12083 | D:8      | Noticed Joseph
 12321 | D:8      | Killed Joseph
 12321 | D:8      | Reached skill level 5 in Dodging
 12321 | D:8      | Reached XP level 10. HP: 80/83 MP: 23/23
 13769 | D:9      | Found a sacrificial altar of Ru.
 14231 | D:9      | Reached skill level 10 in Spellcasting
 14532 | D:9      | Offered knowledge of Freeze by Vehumet.
 14565 | D:10     | Entered Level 10 of the Dungeon
 14652 | D:10     | Reached ** piety under Vehumet
 15062 | D:10     | Found a transporter.
 15350 | D:10     | Offered knowledge of Static Discharge by Vehumet.
 15666 | D:10     | Found a transporter.
 16416 | D:11     | Reached XP level 11. HP: 90/90 MP: 25/25
 16511 | D:11     | Reached *** piety under Vehumet
 17105 | D:11     | Found a staircase to the Lair.
 17225 | D:11     | Found a staircase to the Orcish Mines.
 17226 | D:11     | Noticed a two-headed ogre
 17344 | D:11     | Killed a two-headed ogre
 17344 | D:11     | Reached skill level 11 in Spellcasting
 17832 | D:12     | Noticed a two-headed ogre
 18044 | D:11     | Killed a two-headed ogre
 18383 | D:11     | Noticed a two-headed ogre
 18398 | D:11     | HP: 4/91 [two-headed ogre/giant club (20)]
 18398 | D:11     | Annihilated by a two-headed ogre

Vault maps used:
D:1:      dpeg_arrival_short_road
D:2:      uniq_sigmund, uniq_terence
D:3:      lemuel_round_altar, nicolae_overflow_hidden_temple
D:4:      kiku_gazebo_garden_becter, nemelex_xobeh_ov_fountains_minmay,
          nicolae_overflow_crystal_walls
D:5:      cheibrodos_fzero, kennysheep_mini, serial_shops, shop_statue,
          first_bread, kennysheep_generic_room_8, uniq_eustachio
D:6:      grunt_temple_overflow_bloody_war, marbit_many_paths,
          minmay_temple_entry_glassed_door, serial_shops, nicolae_shop_stone
D:7:      evilmike_ruin_ashenzari, the_bakery, uniq_pikel
D:8:      xom_butterflies, grunt_dithmenos_shadows, serial_glass,
          glass_columns_a, glass_columns_a, minmay_strange_pillars, uniq_joseph
D:9:      lemuel_round_altar, minmay_variable_closet
D:10:     gammafunk_cloud_chamber
D:11:     minmay_lair_entry_lava, orc_0_dummy
Temple:   kb_temple_of_zot

Skill      XL: |  1  2  3  4  5  6  7  8  9 10 11 |
---------------+----------------------------------+-----
Fighting       | 1 2 3 4 6 7 |  7.4
Dodging        | 2 3 4 5 6 |  6.0
Spellcasting   | 3 4 5 7 9 10 11 | 11.2
Conjurations   | 5 6 7 8 9 |  9.4
Evocations     | 2 4 |  4.7
Stealth        | |  1.8
Unarmed Combat | |  0.2

Action                   |  1- 3 |  4- 6 |  7- 9 | 10-12 || total
-------------------------+-------+-------+-------+-------++-------
Melee: Dagger            |   121 |       |    58 |    22 ||   201
       Unarmed           |    10 |       |       |       ||    10
       Tailslap          |     8 |    10 |    10 |     5 ||    33
       Short sword       |     6 |   108 |    70 |       ||   184
 Cast: Magic Dart        |    34 |   137 |   243 |   192 ||   606
       Searing Ray       |       |    10 |    36 |    68 ||   114
       Fulminant Prism   |       |       |     1 |       ||     1
       Force Lance       |       |       |       |     4 ||     4
 Abil: Breathe Noxious F |       |       |     5 |     2 ||     7
  Use: Potion            |     2 |       |       |       ||     2
       Scroll            |       |       |    19 |     6 ||    25
 Stab: Sleeping          |     1 |     2 |     1 |       ||     4
       Confused          |       |       |     1 |     1 ||     2
  Eat: Chunk             |     3 |    10 |    13 |    10 ||    36
       Royal jelly       |       |     1 |     1 |       ||     2
       Fruit             |       |       |     4 |       ||     4
       Bread ration      |       |       |     1 |       ||     1
       Meat ration       |       |       |       |     2 ||     2
Armor: Skin              |    53 |    58 |    92 |    56 ||   259
Dodge: Dodged            |   110 |   104 |   184 |   157 ||   555

Table legend:
 A = Spawn XP
 B = Non-spawn XP
 C = Spawn XP percentage of total XP
 D = Spawn monster count
 E = Non-spawn monster count
 F = Spawn count percentage of total count
 G = Total turns spent on level
                    A         B        C        D         E        F      G
               +---------+---------+-------+---------+---------+-------+---------
         Total |       0 |   15480 |   0.0 |       0 |     284 |   0.0 | 18398
               +---------+---------+-------+---------+---------+-------+---------
           D:1 |       0 |      55 |   0.0 |       0 |      31 |   0.0 |  1364
           D:2 |       0 |     160 |   0.0 |       0 |      28 |   0.0 |  1415
           D:3 |       0 |      92 |   0.0 |       0 |      29 |   0.0 |  1603
           D:4 |       0 |     745 |   0.0 |       0 |      30 |   0.0 |  2051
           D:5 |       0 |    1147 |   0.0 |       0 |      32 |   0.0 |  1966
           D:6 |       0 |     972 |   0.0 |       0 |      20 |   0.0 |  1304
           D:7 |       0 |    1014 |   0.0 |       0 |       5 |   0.0 |  1220
           D:8 |       0 |    2585 |   0.0 |       0 |      34 |   0.0 |  2172
           D:9 |       0 |    1842 |   0.0 |       0 |      22 |   0.0 |  1645
          D:10 |       0 |    1815 |   0.0 |       0 |      26 |   0.0 |  1229
          D:11 |       0 |    5053 |   0.0 |       0 |      27 |   0.0 |  2267
               +---------+---------+-------+---------+---------+-------+---------
